 Dungeon Crawl Stone Soup version 0.31.0-12-g77e489cdc1 (webtiles) character file.

Game seed: 11692873654050263421

537 Gadfly the Insei (level 7, 0/46 HPs)
             Began as a Demonspawn Monk on Feb 13, 2024.
             Was a Follower of Ru.
             Slain by a kobold brigand
             ... wielding a staff of air
              (5 damage)
             ... on level 4 of the Dungeon.
             The game lasted 00:07:32 (3433 turns).

Gadfly the Insei (Demonspawn Monk)                  Turns: 3433, Time: 00:07:33

Health: 0/46       AC:  3    Str: 13    XL:     7   Next: 5%
Magic:  7/7        EV: 13    Int: 11    God:    Ru [*.....]
Gold:   211        SH:  0    Dex: 15    Spells: 2/6 levels left

rFire   . .          .
                       - Unarmed
rCold   . . .        c - orb {light}
rNeg    . . .        a - +1 robe
rPois   .            (helmet restricted)
rElec   .            (no cloak)
rCorr   .            (no gloves)
SInv    .            (no boots)
Will    .....        d - amulet of regeneration
Stlth   +            (no ring)
HPRegen 1.07/turn    (no ring)
MPRegen 0.10/turn

%: no passive effects
@: hasted, glowing, very quick
A: hooves 1, horns 1, frail 1, ignite blood 1
a: Renounce Religion


You were on level 4 of the Dungeon.
You worshipped Ru.
Ru was aware of your devotion.
You visited 2 branches of the dungeon, and saw 5 of its levels.

You collected 211 gold pieces.

Inventory:

Armour
 a - a +1 robe (worn)
 c - an orb of light (worn)
Jewellery
 d - an amulet of regeneration (around neck)
 h - a ring of ice
Potions
 e - a potion of heal wounds
 f - a potion of attraction


   Skills:
 + Level 3.3 Fighting
 + Level 3.7 Dodging
 + Level 4.3 Unarmed Combat
 + Level 3.4 Evocations
 * Level 3.1 Shapeshifting


You had 2 spell levels left.
You knew the following spells:

 Your Spells              Type           Power      Damage    Failure   Level
a - Swiftness             Air            0%         N/A       71%         3
b - Apportation           Tloc           0%         N/A       34%         1

Your spell library contained the following spells:

 Spells                   Type           Power      Damage    Failure   Level
 Necrotise                Necr           0%         1d4       34%         1
 Shock                    Conj/Air       0%         1d3       34%         1
 Sting                    Conj/Alch      0%         1d3       34%         1
 Summon Small Mammal      Summ           0%         N/A       34%         1
 Airstrike                Air            0%         2d(0-16)  98%         4


Dungeon Overview and Level Annotations

Branches:
Dungeon (4/15)             Temple (1/1) D:4

Altars:
Ashenzari
Cheibriados
Dithmenos
Fedhas
Gozag
Kikubaaqudgha
Nemelex Xobeh
Okawaru
Ru
Trog
Uskayaw
Wu Jian
Xom
Yredelemnul

Annotations:
D:4 1 runed translucent door, bronco's ghost, amateur OnMo


Innate Abilities, Weirdness & Mutations

You have large cloven feet.
You have a pair of small horns on your head.
You are frail. (-10% HP)
Your demonic aura sometimes causes spilled blood to erupt in flames.


Message History

Your kick misses the kobold brigand.
You headbutt the kobold brigand, but do no damage.
The kobold brigand is heavily wounded.
The kobold brigand hits you but does no damage.
You hit the kobold brigand but do no damage.
You kick the kobold brigand, but do no damage.
You headbutt the kobold brigand, but do no damage.
The kobold brigand is heavily wounded.
The kobold brigand barely misses you.
You hit the kobold brigand. Your kick misses the kobold brigand.
The kobold brigand is severely wounded.
You barely miss the kobold brigand.
The kobold brigand is severely wounded.
The kobold brigand misses you.
You hit the kobold brigand but do no damage.
You kick the kobold brigand. You headbutt the kobold brigand.
The kobold brigand is almost dead.
You hit the kobold brigand but do no damage.
You kick the kobold brigand, but do no damage.
The kobold brigand is almost dead.
The kobold brigand closely misses you.
You hit the kobold brigand but do no damage.
You kick the kobold brigand.
You headbutt the kobold brigand, but do no damage.
The kobold brigand is almost dead.
The kobold brigand hits you with a staff of air!
* * * LOW HITPOINT WARNING * * *
You hit the kobold brigand but do no damage.
You headbutt the kobold brigand, but do no damage.
The kobold brigand is almost dead.
You hit the kobold brigand but do no damage.
You kick the kobold brigand, but do no damage.
The kobold brigand is almost dead.
The kobold brigand hits you with a staff of air.
* * * LOW HITPOINT WARNING * * *
You hit the kobold brigand but do no damage.
You headbutt the kobold brigand, but do no damage.
The kobold brigand is almost dead.
The kobold brigand hits you with a staff of air.
You die...

### ######... .
##......###..
#...........#
#..........#
#!..P...P..# ....#####
#.$P.....P.# #......#
#....@KP...# #......#
#..........# +#(.....#
#..........# .......
#....P...P... #...#
#..†...P..###
###...######........##
..'...'...........'...
###...####........#.##
#..)# #..#......#.#


You could see a kobold brigand.

Vanquished Creatures
  An ogre (D:4)
  A scorpion (D:3)
  A jelly (D:3)
  A hound (D:4)
  An orc priest (D:4)
  A gnoll bouda (D:3)
  9 gnolls
  10 adders
  4 ribbon worms
  6 dart slugs
  8 orcs
  6 ball pythons
  7 endoplasms
  3 giant cockroaches
  3 hobgoblins
  3 quokkas
  5 bats
  2 frilled lizards (D:2)
  6 goblins
  8 kobolds
  6 rats
92 creatures vanquished.

Notes
Turn   | Place    | Note
-------+----------+-------------------------------------------
     0 | D:1      | Gadfly the Demonspawn Monk began the quest for the Orb.
     0 | D:1      | Reached XP level 1. HP: 18/18 MP: 1/1
   254 | D:1      | Discovered your monstrous ancestry.
   254 | D:1      | Gained mutation: You have large cloven feet. [demonic
                  | ancestry]
   254 | D:1      | Reached XP level 2. HP: 24/24 MP: 2/2
   785 | D:2      | Reached skill level 3 in Unarmed Combat
   785 | D:2      | Reached skill level 1 in Evocations
   891 | D:2      | Reached XP level 3. HP: 21/29 MP: 3/3
   903 | D:2      | Reached skill level 1 in Shapeshifting
  1461 | D:2      | Gained mutation: Your demonic aura sometimes causes spilled
                  | blood to erupt in flames. [demonic ancestry]
  1461 | D:2      | Reached XP level 4. HP: 35/35 MP: 4/4
  1517 | D:2      | Learned a level 3 spell: Swiftness
  2141 | D:3      | Noticed a scorpion
  2150 | D:3      | Gained mutation: You have a pair of small horns on your
                  | head. [demonic ancestry]
  2150 | D:3      | Reached XP level 5. HP: 27/41 MP: 5/5
  2741 | D:3      | Learned a level 1 spell: Apportation
  2879 | D:4      | Reached skill level 4 in Unarmed Combat
  2882 | D:4      | Reached XP level 6. HP: 47/47 MP: 6/6
  3193 | D:4      | Found a runed translucent door.
  3212 | D:4      | Noticed bronco's ghost (amateur OnMo)
  3285 | D:4      | Reached XP level 7. HP: 39/52 MP: 7/7
  3340 | D:4      | Found a staircase to the Ecumenical Temple.
  3359 | Temple   | Entered the Ecumenical Temple
  3365 | Temple   | Became a worshipper of Ru the Awakened
  3379 | D:4      | Gained mutation: You are frail. (-10% HP) [Ru sacrifice]
  3379 | D:4      | Reached * piety under Ru
  3433 | D:4      | Slain by a kobold brigand

Illustrated notes

Levels and vault maps discovered:
D:1:      dpeg_arrival_tiny_h, layout_loops_cross
D:2:      layout_loops_cross
D:3:      layout_basic
D:4:      layout_basic, kennysheep_mini_moat, minmay_temple_entry_junction,
          ebering_ghost_sewer_f, serial_shops, nicolae_shop_window_shopping,
          grunt_ministairs_7, minmay_misc_feat_roman, st_stairs_8, hex_tiny,
          nicolae_grassy_gnolls
Temple:   nicolae_temple_bog_church

Skill      XL: |  1  2  3  4  5  6 |
---------------+-------------------+-----
Unarmed Combat | 3 4 |  4.3
Evocations     | 1 2 3 |  3.4
Shapeshifting  | 1 2 3 |  3.1
Dodging        | 3 |  3.7
Fighting       | |  3.3

Action                     |  1- 3 |  4- 6 |  7- 9 || total
---------------------------+-------+-------+-------++-------
  Melee: Unarmed           |   112 |   179 |    35 ||   326
         Kick              |       |    73 |    15 ||    88
         Headbutt          |       |    27 |    18 ||    45
 Invoke: Sacrifice Health  |       |       |     1 ||     1
    Use: Scroll            |     2 |     3 |     1 ||     6
         Potion            |       |     4 |     1 ||     5
 Armour: Robe              |    42 |   112 |    18 ||   172
  Dodge: Dodged            |    75 |   114 |    13 ||   202
